 Dungeon Crawl Stone Soup version 0.17-a0-1617-gfba1302 (webtiles) character file.

54064 Tobbichi the Fighter (level 14, -32/129 HPs)
             Began as a Grey Draconian Fighter on July 29, 2015.
             Was the Champion of Makhleb.
             Splashed with acid (44 damage)
             ... on level 1 of the Pits of Slime on Aug 1, 2015.
             The game lasted 02:28:43 (24447 turns).

Tobbichi the Fighter (Grey Draconian Fighter)      Turns: 24447, Time: 02:28:43

Health: -32/129    AC: 20    Str: 23    XL:     14   Next: 33%
Magic:  24/24      EV: 16    Int:  7    God:    Makhleb [******]
Gold:   1287       SH: 14    Dex: 11    Spells: 0 memorised, 13 levels left

rFire  . . .     SeeInvis +     W - +3 trident (pierce)
rCold  . . .     Clarity  +     (armour unavailable)
rNeg   . . .     SustAt   .     b - +3 shield
rPois  .         Gourm    .     i - +0 hat
rElec  .         Spirit   .     k - +0 cloak
rCorr  .         Warding  .     (no gloves)
rMut   .         Stasis   .     Y - +2 pair of boots of the Assassin {DetectMon Stab+ Stlth++}
MR     +....                    (no amulet)
Stlth  ++++......               P - +3 ring of protection
                                J - ring of see invisible

@: somewhat resistant to hostile enchantments, stealthy
A: walk through water, unfitting armour, clarity, dopey 1, high mp 1,
regeneration 1, unbreathing, cold-blooded, AC +13
a: Minor Destruction, Lesser Servant of Makhleb, Major Destruction, Greater
Servant of Makhleb, Renounce Religion


You were on level 1 of the Pits of Slime.
You worshipped Makhleb.
Makhleb was exalted by your worship.
You were very hungry.

You visited 3 branches of the dungeon, and saw 20 of its levels.

You collected 1287 gold pieces.

Inventory:

Hand weapons
 e - a +0 bardiche
 m - a +0 blowgun
 Q - the +4 hand axe of Unpleasantness {speed, rF+ Str+4}
   (You found it on level 11 of the Dungeon)

   Attacks with this weapon are significantly faster.
   It affects your strength (+4).
   It protects you from fire.
 W - a +3 trident of piercing (weapon)
Missiles
 q - 76 poisoned needles
Armour
 b - a +3 shield (worn)
 i - a +0 hat (worn)
 k - a +0 cloak (worn)
 Y - the +2 pair of boots of the Assassin (worn) {DetectMon Stab+ Stlth++}
   (You found it on level 11 of the Dungeon)

   It makes you much more stealthy.
Rods
 H - a +0 rod of ignition (12/12)
   (You found it on level 9 of the Dungeon)
Jewellery
 J - a ring of see invisible (left hand)
 P - a +3 ring of protection (right hand)
 X - the ring of Ascent {+/*Tele rElec rN+ Dex+3, unknown}
   (You found it on level 8 of the Lair of Beasts)

   [ring of teleportation]

   It may teleport you to nearby monsters, and can be evoked to randomly
   teleport.
   It affects your dexterity (+3).
   It insulates you from electricity.
   It protects you from negative energy.
Magical devices
 c - a wand of digging (12)
 f - a wand of disintegration (11)
 p - a wand of fireball (12)
 r - a wand of cold (7)
 v - a wand of disintegration (5)
 w - a wand of disintegration (7)
 x - a wand of lightning (9)
 y - a wand of fire (6)
 V - a wand of fireball (9)
Scrolls
 h - a scroll of enchant armour
 s - 15 scrolls of remove curse
 z - 4 scrolls of magic mapping
 A - a scroll of brand weapon
 B - a scroll of teleportation
 C - 2 scrolls of fear
 D - 3 scrolls of recharging
 E - 2 scrolls of amnesia
 I - 3 scrolls of noise
 N - a scroll of blinking
 S - 4 scrolls of enchant weapon
 T - a scroll of vulnerability
 U - 7 scrolls of identify
 Z - a scroll of acquirement {unknown}
Potions
 a - a potion of berserk rage
 j - 2 potions of resistance
 l - 3 potions of curing
 n - a potion of haste
 G - 2 potions of cancellation
 K - a potion of cure mutation
 L - a potion of brilliance
 M - a potion of lignification
 R - a potion of agility
Books
 o - a book of the Warp

   Spells                             Type                      Level
   a - Recall                         Summoning/Translocation      3
   b - Gell's Gravitas                Hexes/Translocation          3
   c - Force Lance                    Conjuration/Translocation    4
   d - Phase Shift                    Translocation                5
   e - Warp Weapon                    Charms/Translocation         5
   f - Summon Forest                  Summoning/Translocation      5
Comestibles
 d - 4 bread rations
 g - 4 slices of pizza
 t - 6 beef jerkies
 u - 5 meat rations
 F - 3 royal jellies


   Skills:
 + Level 13.3 Fighting
 - Level 6.1(9.9) Axes
 + Level 11.8(12.4) Polearms
 * Level 11.5 Dodging
 + Level 6.0 Stealth
 - Level 7.2 Shields
 - Level 11.1 Invocations
 - Level 1.2 Evocations


You had 13 spell levels left.
You didn't know any spells.

Dungeon Overview and Level Annotations

Branches:
Dungeon (11/15)            Temple (0/1) D:6            Lair (8/8) D:11
  Swamp (0/4) Lair:3       Spider (0/4) Lair:6        Slime (1/6) Lair:7
    Orc (0/4) D:11

Altars:
Cheibriados
Fedhas
Makhleb
Nemelex Xobeh
Qazlal
Ru
Trog
Vehumet
Xom
The Shining One
Beogh
Jiyva

Shops:
D:8 }   D:10 (


Innate Abilities, Weirdness & Mutations

You can walk through water.
Your dull iron-grey scales are very hard (AC +13).
Your body does not fit into most forms of armour.
You can survive without breathing.
You are cold-blooded and may be slowed by cold attacks.
You possess an exceptional clarity of mind.
You are dopey. (Int -2)
You have an increased reservoir of magic (+10% MP).
Your natural rate of healing is unusually fast.


Message History

Two slime creatures merge to form a very large slime creature.
The wall burns your Executioner!
Your Executioner hits the very large slime creature!
Your Executioner hits the very large slime creature.
Your Executioner hits the very large slime creature!
Drink which item? (? for menu, Esc to quit)
You feel better. The wall burns you!
* * * LOW HITPOINT WARNING * * *
The wall burns your Executioner!
Your Executioner hits the very large slime creature but does no damage.
Your Executioner hits the very large slime creature! x2
The wall burns your Executioner!
Your Executioner hits the very large slime creature. x2
Your Executioner barely misses the very large slime creature.
The wall burns your Executioner!
Your Executioner gestures at the very large slime creature.
The very large slime creature convulses in agony!
A slime creature comes into view.
The walls burn you!
You die...

##### ##.#.## #
#.....### .##
##.......##...#
#..............
#....1.....J.J
###@#J<...J...
###.........
#.#...>....
#.......J...
##..........
#..........
#....J..J.J
##.....##..


You could see a friendly Executioner.

Vanquished Creatures
  Gastronok (Lair:1)
  The ghost of nago the Brawler, a powerful VSMo of Makhleb (Lair:6)
  3 hydras
  Erica (D:10)
  6 death yaks (Lair:8)
  An unseen horror (D:10)
  2 hill giants (D:11)
  A griffon (Lair:7)
  A cyclops (D:11)
  Maurice (D:11)
  6 elephants (Lair:4)
  Joseph (D:8)
  A torpor snail (Lair:8)
  9 spiny frogs
  5 black mambas
  12 komodo dragons
  A fire drake (Lair:3)
  A spriggan druid (Lair:8)
  3 trolls
  3 polar bears (Lair:8)
  Grinder (D:3)
  A slime creature (Slime:1)
  11 blink frogs
  A shadow (D:11)
  A deep elf mage (D:9)
  A redback (Lair:8)
  6 basilisks
  9 hippogriffs
  3 spriggans
  35 yaks
  Eustachio (D:4)
  2 wraiths (D:10)
  2 hungry ghosts
  A mottled dragon (D:11)
  Menkaure (D:4)
  10 water moccasins
  A deep elf fighter (D:11)
  14 wolves
  2 ice beasts
  A steam dragon (Lair:4)
  Duvessa (D:6)
  A wasp (Lair:8)
  2 black bears (Lair:8)
  7 porcupines
  A phantom (D:10)
  2 sky beasts
  5 ogres
  5 orc warriors
  2 centaurs
  Blork the orc (D:4)
  A big kobold (D:9)
  17 crocodiles
  2 wyvern zombies
  10 giant frogs
  5 scorpions
  Dowan (D:6)
  6 electric eels
  5 killer bees (D:10)
  7 wights
  A quasit (D:11)
  7 crimson imps
  12 orc wizards
  8 orc priests
  A centaur skeleton (D:8)
  3 giant frog skeletons
  2 hell rats (Lair:6)
  11 iguanas
  6 hounds
  Terence (D:3)
  9 worker ants
  A killer bee zombie (D:3)
  8 sheep (Lair:3)
  A hound zombie (D:6)
  2 worker ant zombies
  3 gnolls (D:4)
  13 adders
  59 river rats
  2 shadow imps
  An ooze (D:2)
  7 worms
  An adder skeleton (D:9)
  4 giant geckos
  48 orcs
  2 bat skeletons
  3 bat zombies
  8 giant cockroaches
  8 goblins
  15 hobgoblins
  15 jackals
  19 kobolds
  4 quokkas
  2 ball pythons
  18 bats
  A giant gecko zombie (D:7)
  5 giant newts
  A quokka zombie (D:7)
  24 rats
  6 fungi
  6 plants
593 creatures vanquished.

Vanquished Creatures (collateral kills)
  Snorg (Lair:7)
  A catoblepas (Lair:7)
  An ice dragon (Lair:6)
  2 hydras
  The ghost of carl the Grappler, an experienced TrMo of Cheibriados (Lair:2)
  4 death yaks (Lair:8)
  A fire crab (Lair:7)
  A hill giant (D:11)
  2 slime creatures (Slime:1)
  8 polar bears (Lair:8)
  11 spriggans (Lair:8)
  6 yaks
  4 redbacks (Lair:8)
  A hippogriff (Lair:7)
  13 wolves (Lair:8)
  2 orc warriors (D:11)
  5 water moccasins
  3 wasps (Lair:8)
  6 black bears (Lair:8)
  A centaur (D:11)
  A giant frog (D:11)
  An electric eel (D:11)
  2 orc priests (D:11)
  2 orc wizards (D:11)
  A river rat (Lair:6)
  2 orcs (D:11)
  2 bats (D:11)
  A fungus (Lair:7)
  2 plants (Lair:7)
88 creatures vanquished.

Vanquished Creatures (others)
  An orc wizard (D:4)
  33 fungi
  12 plants
46 creatures vanquished.

Grand Total: 727 creatures vanquished

Notes
Turn   | Place    | Note
--------------------------------------------------------------
     0 | D:1      | Tobbichi the Draconian Fighter began the quest for the Orb.
     0 | D:1      | Reached XP level 1. HP: 19/19 MP: 1/1
   339 | D:2      | Reached XP level 2. HP: 26/26 MP: 2/2
   374 | D:2      | Reached XP level 3. HP: 23/31 MP: 3/3
  1235 | D:2      | Reached skill level 4 in Polearms
  1243 | D:3      | Noticed Terence
  1257 | D:3      | Killed Terence
  1257 | D:3      | Reached XP level 4. HP: 28/38 MP: 4/4
  2136 | D:3      | Reached XP level 5. HP: 40/45 MP: 5/5
  2145 | D:3      | Found a sacrificial altar of Ru.
  2170 | D:3      | Noticed Grinder
  2174 | D:3      | Paralysed by Grinder for 5 turns
  2576 | D:4      | Reached skill level 5 in Polearms
  2731 | D:4      | Noticed Menkaure
  2982 | D:4      | Killed Menkaure
  2982 | D:4      | Reached XP level 6. HP: 44/51 MP: 6/6
  3051 | D:4      | Reached skill level 6 in Polearms
  3350 | D:4      | Noticed an ogre
  3362 | D:4      | Killed an ogre
  3362 | D:4      | Your scales start taking on a dull iron-grey colour.
  3362 | D:4      | Gained mutation: You can survive without breathing. [Grey Draconian growth]
  3362 | D:4      | Reached XP level 7. HP: 48/57 MP: 7/7
  3505 | D:4      | Noticed Blork the orc
  3520 | D:4      | Killed Blork the orc
  3520 | D:4      | Reached skill level 7 in Polearms
  3708 | D:4      | Found a sparkling altar of Nemelex Xobeh.
  3708 | D:4      | Found a glowing golden altar of the Shining One.
  3753 | D:4      | Noticed Eustachio
  4006 | D:3      | Killed Grinder
  4006 | D:3      | Reached skill level 8 in Polearms
  4122 | D:5      | Entered Level 5 of the Dungeon
  4385 | D:5      | Reached XP level 8. HP: 39/63 MP: 8/8
  4482 | D:5      | Gained mutation: You tend to lose your temper in combat. [mutagenic meat]
  4483 | D:5      | Gained mutation: You are dopey. (Int -2) [mutagenic meat]
  4484 | D:5      | Gained mutation: Your body sometimes deteriorates upon taking damage. [mutagenic meat]
  4485 | D:5      | Gained mutation: You are somewhat resistant to further mutation. [mutagenic meat]
  4563 | D:5      | Reached skill level 9 in Polearms
  4707 | D:5      | Found a shimmering altar of Xom.
  4708 | D:5      | Found a burning altar of Makhleb.
  4738 | D:5      | Became a worshipper of Makhleb the Destroyer
  5326 | D:5      | Reached skill level 1 in Evocations
  5688 | D:5      | Acquired Makhleb's first power
  6182 | D:5      | Reached skill level 1 in Invocations
  6280 | D:4      | Reached skill level 5 in Fighting
  6613 | D:4      | Killed Eustachio
  6613 | D:4      | Reached skill level 5 in Shields
  6821 | D:6      | Found a glowing drain.
  7191 | D:6      | Found a staircase to the Ecumenical Temple.
  7248 | D:6      | Noticed Duvessa
  7248 | D:6      | Noticed Dowan
  7316 | D:6      | Killed Dowan
  7345 | D:6      | Killed Duvessa
  7345 | D:6      | Acquired Makhleb's second power
  7345 | D:6      | Reached XP level 9. HP: 75/75 MP: 10/10
  8133 | D:7      | Acquired Makhleb's third power
  8257 | D:7      | Found a bloodstained altar of Trog.
  8978 | D:8      | Found Jiysabb's Gadget Emporium.
  9114 | D:8      | Noticed Joseph
  9578 | D:8      | Killed Joseph
  9971 | D:9      | Found a blossoming altar of Fedhas.
  9974 | D:9      | Found a stormy altar of Qazlal.
  9993 | D:9      | Found a radiant altar of Vehumet.
 10066 | D:9      | Reached skill level 5 in Invocations
 10386 | D:9      | Acquired Makhleb's fourth power
 10494 | D:9      | Reached XP level 10. HP: 76/88 MP: 12/14
 10919 | D:10     | Entered Level 10 of the Dungeon
 11620 | D:10     | Noticed an unseen horror
 11645 | D:10     | Noticed Erica
 12040 | D:10     | Lost mutation: Your body sometimes deteriorates upon taking damage. [potion of cure mutation]
 12040 | D:10     | Lost mutation: You are somewhat resistant to further mutation. [potion of cure mutation]
 12040 | D:10     | Lost mutation: You are dopey. (Int -2) [potion of cure mutation]
 12040 | D:10     | Lost mutation: You tend to lose your temper in combat. [potion of cure mutation]
 12089 | D:10     | Killed an unseen horror
 12119 | D:10     | Killed Erica
 12119 | D:10     | Reached skill level 10 in Polearms
 12217 | D:10     | Found Gedy's Antique Weapon Boutique.
 12456 | D:10     | Identified a +0 rod of ignition (12/12) (You found it on level 9 of the Dungeon)
 12484 | D:11     | Reached XP level 11. HP: 65/99 MP: 17/17
 12498 | D:11     | Got a steaming hand axe
 12765 | D:11     | Acquired Makhleb's fifth power
 12826 | D:11     | Found a staircase to the Lair.
 13072 | D:11     | Found a staircase to the Orcish Mines.
 13406 | D:11     | Found a roughly hewn altar of Beogh.
 13412 | D:11     | Upgraded the game from 0.17-a0-1591-g7a45446 to 0.17-a0-1596-g1e86911
 13433 | D:11     | Noticed a hill giant
 13455 | D:11     | Killed a hill giant
 13455 | D:11     | Reached skill level 10 in Fighting
 13568 | D:11     | Noticed a cyclops
 13580 | D:11     | Killed a cyclops
 13580 | D:11     | Reached skill level 10 in Invocations
 13656 | D:11     | Noticed Maurice
 13662 | D:11     | Noticed a hill giant
 13696 | D:11     | Killed a hill giant
 13705 | D:11     | Killed Maurice
 14046 | D:11     | Identified the +4 hand axe of Unpleasantness {speed, rF+ Str+4} (You found it on level 11 of the Dungeon)
 14207 | D:11     | Noticed a hill giant
 14219 | D:11     | Killed a hill giant
 14494 | Lair:1   | Entered Level 1 of the Lair of Beasts
 14508 | Lair:1   | Reached skill level 1 in Axes
 14770 | Lair:1   | Found a snail-covered altar of Cheibriados.
 14930 | Lair:1   | Reached skill level 11 in Invocations
 15088 | Lair:1   | Noticed Gastronok
 15158 | Lair:1   | Killed Gastronok
 15346 | Lair:1   | Reached skill level 5 in Dodging
 15756 | Lair:2   | Noticed carl's ghost (experienced TrMo)
 15772 | Lair:2   | Killed carl's ghost
 15772 | Lair:2   | Reached XP level 12. HP: 69/110 MP: 20/20
 16560 | Lair:2   | Gained mutation: You are agile. (Dex +2) [potion of mutation]
 16560 | Lair:2   | Gained mutation: You possess an exceptional clarity of mind. [potion of mutation]
 16560 | Lair:2   | Gained mutation: You have an increased reservoir of magic (+10% MP). [potion of mutation]
 16753 | Lair:2   | Noticed a six-headed hydra
 16811 | Lair:2   | Killed a six-headed hydra
 17020 | Lair:3   | Found a staircase to the Swamp.
 17819 | Lair:4   | Reached skill level 5 in Axes
 18358 | Lair:4   | Upgraded the game from 0.17-a0-1596-g1e86911 to 0.17-a0-1617-gfba1302
 18752 | Lair:5   | Gained mutation: You are dopey. (Int -2) [potion of mutation]
 18752 | Lair:5   | Gained mutation: Your natural rate of healing is unusually fast. [potion of mutation]
 18752 | Lair:5   | Lost mutation: You are agile. (Dex +2) [potion of mutation]
 19062 | Lair:5   | Reached skill level 1 in Stealth
 19069 | Lair:5   | Reached skill level 12 in Fighting
 19627 | Lair:6   | Noticed nago's ghost (powerful VSMo)
 19638 | Lair:6   | Killed nago's ghost
 19638 | Lair:6   | Reached XP level 13. HP: 118/118 MP: 23/23
 19776 | Lair:6   | Found a hole to the Spider Nest.
 19785 | Lair:6   | Noticed an ice dragon
 19797 | Lair:6   | Killed an ice dragon
 19999 | Lair:6   | Found a frozen archway.
 20209 | Lair:6   | Noticed a four-headed hydra
 20220 | Lair:6   | Killed a four-headed hydra
 20912 | Lair:7   | Found a labyrinth entrance.
 21369 | Lair:7   | Noticed Snorg
 21384 | Lair:7   | Killed Snorg
 21387 | Lair:7   | Reached skill level 10 in Dodging
 21936 | Lair:7   | Found a viscous altar of Jiyva.
 21936 | Lair:7   | Found a staircase to the Slime Pits.
 22423 | Lair:8   | Entered Level 8 of the Lair of Beasts
 22838 | Lair:8   | Reached skill level 5 in Stealth
 22848 | Lair:8   | Reached skill level 13 in Fighting
 22848 | Lair:8   | Reached XP level 14. HP: 17/129 MP: 24/24
 23550 | Lair:8   | Got a clouded amber ring
 24432 | Slime:1  | Entered Level 1 of the Pits of Slime
 24447 | Slime:1  | Splashed with acid

Vault maps used:
D:1:      dpeg_arrival_long_road
D:2:      first_bread
D:3:      st_stairs_6, nicolae_ru_sacrificial_ziggurat, uniq_terence,
          uniq_grinder
D:4:      gammafunk_temple_overflow_wave, uniq_menkaure, uniq_eustachio,
          uniq_blork_the_orc
D:5:      grunt_temple_overflow_champion_of_chaos, enter_ossuary_5,
          kennysheep_generic_room_6
D:6:      minmay_temple_entry_purple_smoke, gup_sewer_entry_glass, uniq_duvessa
D:7:      basic_altar, the_bakery
D:8:      serial_shops, shop, kennysheep_generic_room_13, uniq_joseph
D:9:      grunt_temple_overflow_diamond
D:10:     serial_shops, shop, uniq_erica
D:11:     kennysheep_big_flooded_room, grunt_lair_entry_elf_guard_hut,
          minmay_orc_entry_temple_small, uniq_maurice
Lair:1:   basic_altar, uniq_gastronok
Lair:2:   minivault_27, patterned_corridor
Lair:3:   swamp_mist_pool
Lair:5:   bh_autumn_forest_stairs
Lair:6:   kennysheep_abandoned_house, dummy_spider_entry,
          portal_ice_cave_entry_dragon
Lair:7:   dpeg_slime_entry_enclosed_altar, lab_entry_generic,
          serial_bayou_shore_a, uniq_snorg
Lair:8:   minmay_lair_end_enchanted_forest

Action                   |  1- 3 |  4- 6 |  7- 9 | 10-12 | 13-15 || total
-------------------------+-------+-------+-------+-------+-------++-------
Melee: Trident           |    84 |   174 |   909 |  1046 |   735 ||  2948
       Flail             |       |     8 |       |       |       ||     8
       Hand axe          |       |       |       |   326 |       ||   326
 Fire: Blowgun           |       |       |    30 |       |       ||    30
Invok: Lesser Servant of |       |       |     2 |     6 |       ||     8
       Major Destruction |       |       |       |     4 |     1 ||     5
       Greater Servant o |       |       |       |     5 |    12 ||    17
Evoke: Wand              |       |       |     4 |     7 |     1 ||    12
  Use: Scroll            |     9 |     3 |     5 |    13 |     3 ||    33
       Potion            |       |     5 |     8 |    10 |     6 ||    29
 Stab: Sleeping          |     3 |       |     3 |    18 |    13 ||    37
       Invisible         |       |       |     2 |       |       ||     2
       Distracted        |       |       |       |     3 |       ||     3
  Eat: Chunk             |     1 |     7 |    16 |    19 |     9 ||    52
       Bread ration      |       |       |     4 |     2 |     2 ||     8
       Fruit             |       |       |       |     6 |       ||     6
       Beef jerky        |       |       |       |     1 |       ||     1
